 Dungeon Crawl Stone Soup version 0.21.1-1-g345015fe64 (webtiles) character file.

91 Mrkan the Ruffian (level 4, -5/44 HPs)
             Began as a Troll Monk on May 9, 2018.
             Slain by Tegun's ghost (14 damage)
             ... on level 3 of the Dungeon.
             The game lasted 00:04:37 (1438 turns).

Mrkan the Ruffian (Troll Monk)                      Turns: 1438, Time: 00:04:38

Health: -5/44      AC:  5    Str: 19    XL:     4   Next: 33%
Magic:  3/3        EV: 10    Int:  6    God:
Gold:   135        SH:  0    Dex: 13    Spells: 3/3 levels left

rFire    . . .     SeeInvis .     - Unarmed
rCold    . . .     Gourm    +   (no shield)
rNeg     . . .     Faith    .   a - +0 robe
rPois    .         Spirit   .   (helmet restricted)
rElec    .         Reflect  .   (no cloak)
rCorr    .         Harm     .   (gloves unavailable)
MR       .....                  (boots unavailable)
Stlth    ++........             (no amulet)
HPRegen  0.54/turn              (no ring)
MPRegen  0.08/turn              (no ring)

@: no status effects
A: large, unfitting armour, claws 3, fast metabolism 3, gourmand, regeneration
1, shaggy fur 1, tough skin 2
a: no special abilities


You were on level 3 of the Dungeon.
You were completely stuffed.

You visited 1 branch of the dungeon, and saw 3 of its levels.

You collected 135 gold pieces.

Inventory:

Armour
 a - a +0 robe (worn)
Jewellery
 c - an uncursed amulet of guardian spirit {unknown}
 n - a +4 amulet of reflection {unknown}
 p - an uncursed amulet of regeneration {unknown}
Scrolls
 d - a scroll of magic mapping {unknown}
 e - 2 scrolls of teleportation {unknown}
 f - 3 scrolls of identify {unknown}
 i - 2 scrolls of remove curse {unknown}
 m - a scroll of blinking {unknown}
 s - a scroll of fear {unknown}
Potions
 g - a potion of brilliance {unknown}
 h - a potion of heal wounds {unknown}
 j - a potion of resistance {unknown}
 k - a potion of invisibility {unknown}
 o - 2 potions of flight {unknown}
 q - 3 potions of cancellation {unknown}
 r - a potion of curing {unknown}
Comestibles
 b - 6 rations
 l - 4 chunks of flesh


   Skills:
 - Level 2.4 Fighting
 - Level 2.4 Dodging
 + Level 1.7 Stealth
 * Level 4.6 Unarmed Combat


You had 3 spell levels left.
You didn't know any spells.

Dungeon Overview and Level Annotations

Branches:
Dungeon (3/15)

Altars:
Gozag

Annotations:
D:3 Tegun's ghost, amateur DsFi


Innate Abilities, Weirdness & Mutations

You are too large for most types of armour.
You have claws for hands.
Your metabolism is lightning-fast.
You like to eat raw meat.
Your natural rate of healing is unusually fast.
You are covered in fur. (AC +1)
You have very tough skin. (AC +2)


Message History

Some of the chunks of flesh in your inventory have rotted away.
There is a stone staircase leading down here.
There is a stone staircase leading up here.
Found a ring mail.
Found 20 arrows.
Eating one of 8 chunks of flesh.
You eat one of the 8 chunks of flesh.
This raw flesh tastes great.
Some of the chunks of flesh in your inventory have rotted away.
Found an escape hatch in the ceiling.
Tegun's ghost (amateur Demonspawn Fighter) comes into view.
Found a scroll labeled JUPNUY BALUM.
Found 18 stones.
Tegun's ghost hits you!
You barely miss Tegun's ghost. Tegun's ghost hits you!
You claw Tegun's ghost!
Tegun's ghost is moderately damaged.
Tegun's ghost hits you!
* * * LOW HITPOINT WARNING * * *
Tegun's ghost hits you!
You die...

########.##..[...
#......... #####..#(.....
#......#......
#.####.#.#.###
#.####.#......
##########.##....##....
###........#.##.#########
...?....@.......#########
.(.....W.................
###........#.##..####...#
#........#.....# #.....
#........#####.# #.....
#........# #.# #.....
#........# #<# #.....
#........#####+###.....
#..............


You could see Tegun's ghost.

Vanquished Creatures
  3 adders
  An ooze (D:2)
  2 dart slugs (D:2)
  2 bats
  5 giant cockroaches
  12 goblins
  11 hobgoblins
  6 kobolds
  2 frilled lizards (D:2)
  4 rats
48 creatures vanquished.

Notes
Turn   | Place    | Note
-------+----------+-------------------------------------------
     0 | D:1      | Mrkan the Troll Monk began the quest for the Orb.
     0 | D:1      | Reached XP level 1. HP: 22/22 MP: 0/0
   239 | D:1      | Reached XP level 2. HP: 29/29 MP: 1/1
   867 | D:2      | Reached XP level 3. HP: 34/36 MP: 2/2
   945 | D:2      | Reached skill level 4 in Unarmed Combat
  1048 | D:2      | Found an opulent altar of Gozag.
  1181 | D:2      | Reached XP level 4. HP: 30/44 MP: 3/3
  1431 | D:3      | Noticed Tegun's ghost (amateur DsFi)
  1438 | D:3      | Slain by Tegun's ghost

Skill      XL: |  1  2  3 |
---------------+----------+-----
Unarmed Combat | 4 |  4.6
Fighting       | |  2.4
Dodging        | |  2.4
Stealth        | |  1.7

Action                   |  1- 3 |  4- 6 || total
-------------------------+-------+-------++-------
Melee: Unarmed           |   110 |    10 ||   120
       Punch             |     1 |     1 ||     2
  Eat: Chunk             |    16 |     3 ||    19
Armor: Robe              |    49 |     2 ||    51
Dodge: Dodged            |    79 |     5 ||    84
